 Dungeon Crawl Stone Soup version 0.31-a0-229-g1fc7ce93e2 (webtiles) character file.

Game seed: 6400207795797979210

28 qw the Shooter (level 3, 0/29 HPs)
             Began as a Minotaur Hexslinger on July 6, 2023.
             Succumbed to Sigmund's poison
             ... on level 1 of the Dungeon.
             The game lasted 00:00:21 (863 turns).

qw the Shooter (Minotaur Hexslinger)                 Turns: 863, Time: 00:00:21

Health: 0/29       AC:  2    Str: 12    XL:     3   Next: 0%
Magic:  3/3        EV: 12    Int: 10    God:
Gold:   78         SH:  0    Dex: 14    Spells: 3/4 levels left

rFire   . . .        Y - +1 sling
rCold   . . .        (no shield)
rNeg    . . .        c - +0 robe
rPois   .            (helmet restricted)
rElec   .            (no cloak)
rCorr   .            (no gloves)
SInv    .            (no boots)
Will    .....        (no amulet)
Stlth   +            (no ring)
HPRegen 0.24/turn    (no ring)
MPRegen 0.08/turn

%: no passive effects
@: confused, lethally poisoned (0 -> -6)
A: horns 2, retaliatory headbutt
a: no special abilities


You were on level 1 of the Dungeon.
You visited 1 branch of the dungeon, and saw 2 of its levels.

You collected 78 gold pieces.


Innate Abilities, Weirdness & Mutations

You have a pair of horns on your head.
You reflexively headbutt those who attack you in melee.


   Skills:
 - Level 2.0 Fighting
 + Level 3.6 Ranged Weapons
 - Level 2.1 Dodging
 - Level 1.0 Spellcasting
 - Level 2.0 Hexes


You had 3 spell levels left.
You knew the following spells:

 Your Spells              Type           Power      Damage    Failure   Level
a - Slow                  Hex            16%        N/A       16%         1

Your spell library contained the following spells:

 Spells                   Type           Power      Damage    Failure   Level
 Inner Flame              Hex/Fire       2%         N/A       56%         3
 Portal Projectile        Hex/Tloc       4%         N/A       56%         3
 Cause Fear               Hex            2%         N/A       83%         4

Inventory:

Hand Weapons
 Y - a +1 sling (weapon)
Armour
 c - a +0 robe (worn)

Dungeon Overview and Level Annotations

Branches:
Dungeon (2/15)

Altars:

Shops:
D:2 *

Annotations:
D:1 Sigmund


Message History

You feel very sick.
You climb upwards.
You feel sick.
There is a stone staircase leading down here.
You start resting.
You feel sick. x6
You are no longer poisoned.
HP restored.
Done exploring.
(D) Dungeon
Where to? (* - list waypoints, Enter - D:2, ? - help)
What level of the Dungeon? (default 1, ? - help)
You climb downwards.
Level annotation: Sigmund Sigmund laughs darkly.
Sigmund points at you and mumbles some strange words.
You resist with significant effort. Sigmund closely misses you.
You furiously retaliate!
You headbutt Sigmund, but do no damage.
There is a stone staircase leading up, spattered with blood here.
You shoot a sling bullet. The sling bullet hits Sigmund.
Sigmund is lightly wounded.
You shoot a sling bullet. The sling bullet hits Sigmund.
Sigmund is moderately wounded.
Sigmund gestures at you while chanting. The magic dart hits you.
859 ||| STAIRDANCE Sigmund hits you with a +1 scythe of venom!
You are lethally poisoned!
You climb upwards.
You feel very sick.
There is a stone staircase leading down here.
You shoot a sling bullet. The sling bullet hits Sigmund.
Sigmund is heavily wounded.
You feel very sick.
Sigmund hits you with a +1 scythe of venom.
You shoot a sling bullet. The sling bullet hits Sigmund.
Sigmund is heavily wounded.
You feel sick. Sigmund casts a spell at you.
You are confused.
You die...

#>#.#..#....# #..%#
###.#.#.......##### #..##
#>.)..............# #..#
#.#%#.#.#.....###.# #..#
#.#.#....#....# #.# #..#
#.#.#.........# #.# #..#
#.#.##...###### #.# #..#
#.#.###.#########.# #..#
#.#.# #.##.....@..#####%.#
##.#.###.##.###@..........#
............###.....#######
.....###...........?#
..#......######.....#
.....##### #.....# #.#.##
####### ##.## ###


You could see Sigmund.

Vanquished Creatures
  A dart slug (D:1)
  5 bats (D:1)
  3 endoplasms (D:1)
  A giant cockroach (D:1)
  2 goblins (D:1)
  3 hobgoblins (D:1)
  2 jackals (D:1)
  A quokka (D:1)
  3 ball pythons (D:1)
  A frilled lizard (D:1)
22 creatures vanquished.

Notes
Turn   | Place    | Note
-------+----------+-------------------------------------------
     0 | D:1      | qw the Minotaur Hexslinger began the quest for the Orb.
     0 | D:1      | Reached XP level 1. HP: 16/16 MP: 1/1
     0 | D:1      | 0 ||| qw: Version: 0.3-a-46-gb1f654a
     0 | D:1      | 0 ||| qw: Game counter: 1481
     0 | D:1      | 0 ||| qw: Melee chars always use a shield: true
     0 | D:1      | 0 ||| qw: God list: Okawaru
     0 | D:1      | 0 ||| qw: Allow faded altars: false
     0 | D:1      | 0 ||| qw: Do Orc after clearing Dungeon:15 true
     0 | D:1      | 0 ||| qw: Do second Lair branch before Depths: true
     0 | D:1      | 0 ||| qw: Lair rune preference: random
     0 | D:1      | 0 ||| qw: Goals: Normal
     0 | D:1      | 0 ||| PLANNING D:1-11
   166 | D:1      | Reached skill level 3 in Ranged Weapons
   166 | D:1      | Reached XP level 2. HP: 21/23 MP: 2/2
   643 | D:1      | Reached XP level 3. HP: 29/29 MP: 3/3
   715 | D:1      | 715 ||| READING scroll labelled SAAFOFOOLY.
   719 | D:1      | 719 ||| READING scroll labelled HEIQ BIUTSIA.
   720 | D:1      | 720 ||| READING scroll labelled MADGHE AZXUEVOM.
   721 | D:1      | 721 ||| READING scroll labelled JANTIOSICOR.
   722 | D:1      | 722 ||| DROPPING scroll of poison.
   745 | D:2      | Found Hygoil's General Store.
   749 | D:2      | Noticed Sigmund
   751 | D:2      | 751 ||| FLEEEEING.
   755 | D:2      | 755 ||| FLEEEEING.
   761 | D:2      | 761 ||| STAIRDANCE
   789 | D:2      | 789 ||| STAIRDANCE
   859 | D:2      | 859 ||| STAIRDANCE
   861 | D:1      | HP: 4/29 [Sigmund/+1 scythe of venom (4)]
   863 | D:1      | Succumbed to Sigmund's poison

Levels and vault maps discovered:
D:1:      ldierk_walled_garden_2, layout_loops_ring
D:2:      minmay_razor_zed, layout_basic, serial_shops,
          nicolae_shop_getting_attention, shop, shop, shop,
          nicolae_book_shop_shelving, serial_aquarium, aquarium_bridge_square
          [aquarium_subvault_bridge, aquarium_subvault_window,
          aquarium_subvault_window, aquarium_subvault_wall],
          aquarium_bridge_square [aquarium_subvault_wall,
          aquarium_subvault_bridge, aquarium_subvault_bridge,
          aquarium_subvault_bridge], aquarium_window_corridor_3,
          aquarium_window_1, aquarium_view_2f, aquarium_balcony_5b, uniq_sigmund

Skill      XL: |  1  2 |
---------------+-------+-----
Ranged Weapons | 3 |  3.6
Fighting       | 2 |  2.0
Dodging        | |  2.1
Spellcasting   | |  1.0
Hexes          | |  2.0

Action                     || total
---------------------------++-------
   Fire: Sling             ||    76
    Use: Scroll            ||     4
 Armour: Robe              ||     7
  Dodge: Dodged            ||    35

Table legend:
 A = Non-vault XP
 B = Vault XP
 C = Vault XP percentage of total XP
 D = Non-vault monster count
 E = Vault monster count
 F = Vault count percentage of total count
                 A         B        C        D         E       F
            +---------+---------+-------+---------+---------+-------
      Total |      41 |       0 |   0.0 |      22 |       0 |   0.0
            +---------+---------+-------+---------+---------+-------
        D:1 |      41 |       0 |   0.0 |      22 |       0 |   0.0
            +---------+---------+-------+---------+---------+-------
